 Dungeon Crawl Stone Soup version 0.29-a0-542-g075992c915 (webtiles) character file.

Game seed: 10813487680483997984

291743 Pooter the Severer (level 19, -13/182 HPs)
             Began as a Minotaur Berserker on June 1, 2022.
             Was a High Priest of Trog.
             Killed from afar by an ironbound thunderhulk (44 damage)
             ... with a bolt of lightning
             ... on level 1 of the Vaults on June 3, 2022.
             The game lasted 05:39:56 (58121 turns).

Pooter the Severer (Minotaur Berserker)            Turns: 58121, Time: 05:39:56

Health: -13/182    AC: 48    Str: 29    XL:     19   Next: 97%
Magic:  18/18      EV: 16    Int:  8    God:    Trog [*****.]
Gold:   2028       SH:  5    Dex: 27    Spells: 18/18 levels left

rFire   + . .      SeeInvis +   a - +2 broad axe "Hewn" {drain, rN+ Dex+2}
rCold   + . .      Faith    .   (no shield)
rNeg    + + .      Spirit   .   C - +16 crystal plate armour of Waolir {rN+}
rPois   +          Reflect  +   h - +2 hat {Stlth+}
rElec   .          Harm     +   S - scarf {harm}
rCorr   .          Rampage  +   M - +1 pair of gloves of the Trees {Will+}
Will    ++++.                   O - +2 pair of boots {rampage}
Stlth   ..........              A - amulet of Dezin {Reflect *Slow Dex+7 SH+5 SInv}
HPRegen 1.40/turn               r - ring of Axuviusm {rPois Str+3 Int+2 Dex+6}
MPRegen 0.16/turn               q - +4 ring of slaying

@: about to teleport, strong-willed, regenerating
A: horns 2, retaliatory headbutt, hooves 1, cold resistance 1, fire resistance 1
}: 2/15 runes: decaying, gossamer
a: Renounce Religion, Berserk, Trog's Hand, Brothers in Arms


You were on level 1 of the Vaults.
You worshipped Trog.
Trog was extremely pleased with you.
You visited 7 branches of the dungeon, and saw 35 of its levels.
You visited 1 bazaar.
You also visited: Bailey and Ice Cave.

You collected 6766 gold pieces.
You spent 4738 gold pieces at shops.

Inventory:

Hand Weapons
 a - the +2 broad axe "Hewn" (weapon) {drain, rN+ Dex+2}
   (You took it off an ogre mage on level 15 of the Dungeon)

   A truly terrible weapon, it drains the life of any living foe it strikes.
   Dex:       It affects your dexterity (+2).
   rN:        It protects you from negative energy.
 b - a +5 arbalest of flaming
   (You took it off an orc warrior on level 2 of the Orcish Mines)
 k - a +5 antimagic battleaxe
   (Trog gifted it to you on level 2 of the Swamp)
 H - a +3 dire flail of draining
   (You took it off an ettin on level 1 of the Orcish Mines)
 N - a +3 vampiric battleaxe
   (You took it off Urug on level 4 of the Lair of Beasts)
Missiles
 i - 2 curare-tipped darts
 K - 33 boomerangs (quivered)
 P - 4 silver javelins
 Z - 16 javelins
Armour
 h - a +2 hat of stealth (worn)
   (You found it on level 4 of the Spider Nest)
 v - the +9 scales of the Dragon King {rPois rF+ rC+ Will+}
   (You bought it in a shop on level 2 of the Orcish Mines)

   rF:        It protects you from fire.
   rC:        It protects you from cold.
   rPois:     It protects you from poison.
   Will:      It increases your willpower.
 C - the +16 crystal plate armour of Waolir (worn) {rN+}
   (You acquired it on level 1 of the Vaults)

   rN:        It protects you from negative energy.
 M - the +1 pair of gloves of the Trees (worn) {Will+}
   (You found it on level 3 of the Elven Halls)

   Will:      It increases your willpower.
 O - a +2 pair of boots of rampaging (worn)
   (You bought it in a shop in a bazaar)
 S - a scarf of harm (worn)
   (You found it on level 4 of the Spider Nest)
Jewellery
 q - a +4 ring of slaying (right hand)
   (You acquired it on level 5 of the Lair of Beasts)
 r - the ring of Axuviusm (left hand) {rPois Str+3 Int+2 Dex+6}
   (You took it off a deep elf sorcerer on level 3 of the Elven Halls)

   [ring of dexterity]

   Str:       It affects your strength (+3).
   Int:       It affects your intelligence (+2).
   Dex:       It affects your dexterity (+6).
   rPois:     It protects you from poison.
 A - the amulet of Dezin (around neck) {Reflect *Slow Dex+7 SH+5 SInv}
   (You took it off a deep elf sorcerer on level 3 of the Elven Halls)

   [amulet of reflection]

   It reflects blocked missile attacks.
   Dex:       It affects your dexterity (+7).
   SInv:      It lets you see invisible.
   *Slow:     It may slow you when you take damage.
   SH:        It affects your SH (+5).
 F - a ring of protection from fire
   (You found it on level 11 of the Dungeon)
 G - the amulet of Day {Fly Regen+ Int+3}
   (You acquired it on level 13 of the Dungeon)

   [amulet of regeneration]

   Int:       It affects your intelligence (+3).
   Fly:       It grants you flight.
   Regen:     It increases your rate of health regeneration.
 I - a ring of protection from cold
   (You took it off a deep elf pyromancer on level 1 of the Elven Halls)
 V - the ring "Dexzaxt" {Fly rCorr Str+5}
   (You found it on level 1 of the Swamp)

   [ring of flight]

   Str:       It affects your strength (+5).
   Fly:       It grants you flight.
   rCorr:     It protects you from acid and corrosion.
 W - the ring "Cympis" {rN+ Str+2 Dex+6}
   (You found it in an ice cave)

   [ring of positive energy]

   Str:       It affects your strength (+2).
   Dex:       It affects your dexterity (+6).
   rN:        It protects you from negative energy.
Wands
 d - a wand of iceblast (11)
   (You took it off Maggie on level 7 of the Dungeon)
 e - a wand of polymorph (24)
   (You found it on level 5 of the Lair of Beasts)
 u - a wand of paralysis (4)
   (You found it on level 7 of the Dungeon)
 x - a wand of acid (12)
   (You found it on level 2 of the Swamp)
 D - a wand of digging (12)
   (You found it on level 4 of the Dungeon)
 L - a wand of charming (7)
   (You found it on level 4 of the Swamp)
Scrolls
 m - 8 scrolls of poison {!r}
 o - 4 scrolls of magic mapping
 t - 9 scrolls of teleportation {@r4}
 y - 3 scrolls of blinking
 B - 9 scrolls of fear
 E - 4 scrolls of silence
 R - 4 scrolls of fog
 T - 2 scrolls of summoning
 U - 2 scrolls of immolation {!r}
Potions
 c - 7 potions of haste {@q3}
 g - a potion of resistance
 j - 23 potions of curing {@q1}
 l - 9 potions of heal wounds {@q2}
 n - a potion of invisibility
 p - 6 potions of cancellation
 s - 6 potions of attraction {!q}
 w - 5 potions of lignification {!q}
 z - 11 potions of flight
 J - 6 potions of mutation {!q}
Miscellaneous
 f - a box of beasts
   (You found it on level 3 of the Elven Halls)
 Q - a tin of tremorstones (1/2)
   (You found it on level 3 of the Elven Halls)
 X - a condenser vane (inert)
   (You found it on level 3 of the Elven Halls)
 Y - a phantom mirror
   (You found it on level 4 of the Lair of Beasts)


   Skills:
 + Level 19.1 Fighting
 + Level 20.8(20.9) Axes
 - Level 4.1(14.2) Polearms
 - Level 16.0 Crossbows
 - Level 6.5 Throwing
 + Level 15.8 Armour
 + Level 13.6 Dodging
 - Level 10.2 Stealth
 - Level 12.0 Evocations


You had 18 spell levels left.
You didn't know any spells.
Your spell library was empty.

Dungeon Overview and Level Annotations

Branches:
Dungeon (15/15)            Temple (0/1) D:4            Lair (6/6) D:11
  Swamp (4/4) Lair:4       Spider (4/4) Lair:2        Slime (0/5) Lair:5
    Orc (2/2) D:12            Elf (3/3) Orc:2        Vaults (1/5) D:13
 Depths (0/4) D:15         Bailey (visited)           IceCv (visited)

Altars:
Cheibriados
Kikubaaqudgha
Nemelex Xobeh
Okawaru
Sif Muna
Trog
Uskayaw
Vehumet
Zin
Beogh
Lugonu

Shops:
D:7 =   D:12 !   Orc:2 *[(:(   Elf:1 ::*   Elf:2 *   Vaults:1 *

Portals:
Abyss: Lair:6

Annotations:
D:9 exclusion: 2 doors
Elf:2 5 runed translucent doors


Innate Abilities, Weirdness & Mutations

You have a pair of horns on your head.
You reflexively headbutt those who attack you in melee.
You have large cloven feet.
Your flesh is cold resistant. (rC+)
Your flesh is heat resistant. (rF+)


Message History

The yaktaur captain unwields a dagger.
The yaktaur captain wields an arbalest.
The yaktaur captain shoots a bolt.
The bolt barely misses you.
A great orb of eyes comes into view.
An ironbound thunderhulk comes into view.
It is wielding a +0 dire flail.
Electricity crackles from the ironbound thunderhulk's apparatus.
The bolt of lightning hits you.
A yaktaur captain comes into view. It is wielding a +0 arbalest.
Your skin crawls.
You feel strong-willed.
The ironbound convoker points at the ironbound convoker and mumbles some strange words.
The ironbound convoker seems to grow stronger.
Electricity crackles from the ironbound thunderhulk's apparatus.
The bolt of lightning hits you!!!
* * * LOW HITPOINT WARNING * * *
Unknown command.
As you read the scroll of teleportation {@r4}, it crumbles to dust.
You feel strangely unstable.
The ironbound convoker points at the ironbound convoker and mumbles some strange words.
The ironbound convoker seems to grow stronger.
Strange energies crackle from the ironbound thunderhulk's apparatus.
The ironbound thunderhulk blinks!
The great orb of eyes gazes at you. You resist with almost no effort.
Unknown command.
You rampage towards the great orb of eyes!
A vault sentinel comes into view.
It is wielding a +0 war axe and wearing a +2 scale mail of poison resistance.
The ironbound convoker gestures at the ironbound thunderhulk while chanting.
The ironbound thunderhulk seems to grow stronger.
The great orb of eyes bites you but does no damage.
Electricity crackles from the ironbound thunderhulk's apparatus.
The bolt of lightning hits you!!!
* * * LOW HITPOINT WARNING * * *
The yaktaur captain shoots a bolt.
The bolt hits you!
* * * LOW HITPOINT WARNING * * *
Really attack while wielding your +5 arbalest of flaming? [Y]es or [N]o only, please.
Really attack while wielding your +5 arbalest of flaming?
Okay, then.
Your +5 arbalest of flaming stops flaming.
You feel agile.
You sense an unholy aura.
a - the +2 broad axe "Hewn" (weapon)
{drain, rN+ Dex+2} The ironbound convoker casts a spell at the vault sentinel.
The vault sentinel seems to grow stronger.
The great orb of eyes misses you.
The vault sentinel blows a loud note on a signal horn!
You feel much better.
Electricity crackles from the ironbound thunderhulk's apparatus.
The bolt of lightning hits you!!!
You die... .# #.# ...
O.p

###########p#
#........p'.
#.......cG#
#.......@.#
#.........#
#.........#
#.........#
###'''#####
#..)##
####.## ##.##
##...##
#.....#


You could see an ironbound thunderhulk (strong), a yaktaur captain, a great orb
of eyes, a vault sentinel (strong) and 2 ironbound convokers.

Vanquished Creatures
  Bai Suzhen (Elf:2)
  A tentacled monstrosity (Swamp:4)
  Jorgrun (Spider:3)
  2 deep elf blademasters (Elf:3)
  Asterion (Spider:3)
  A sphinx (Vaults:1)
  2 deep elf master archers (Elf:3)
  Kirke (Spider:1)
  A thorn hunter (Swamp:2)
  The ghost of Antichthon the Necromancer, an adept DDNe of Makhleb (Swamp:4)
  Roxanne (Swamp:1)
  4 emperor scorpions
  A fenstrider witch (Swamp:4)
  6 deep elf sorcerers
  3 vault wardens (Vaults:1)
  3 deep elf elementalists (Elf:3)
  2 orc warlords
  A broodmother (Spider:4)
  2 ironbound preservers (Vaults:1)
  3 ironbound thunderhulks (Vaults:1)
  Azrael (D:13)
  7 eleionomae
  4 deep elf demonologists (Elf:3)
  4 dire elephants
  A spark wasp (Spider:4)
  6 bunyips
  5 entropy weavers
  An entropy weaver (shapeshifter) (Elf:3)
  7 deep elf annihilators
  4 deep elf death magi
  Josephine (D:11)
  An ettin (Orc:1)
  A great orb of eyes (shapeshifter) (Elf:3)
  A blizzard demon (Swamp:1)
  3 yaktaur captains (Vaults:1)
  The ghost of Taurus the Cleaver, a journeyman MiFi of the Shining One (Spider:1)
  3 deep elf high priests
  7 boulder beetles
  2 great orbs of eyes (Vaults:1)
  The ghost of quokkamancerX the Archer, a journeyman DsHu of Ashenzari (D:11)
  Fannar (D:10)
  19 hydras
  2 ogre magi
  A boulder beetle (shapeshifter) (D:15)
  3 vault guards
  The ghost of GilGalad the Nimble, a journeyman DjFE of Makhleb (D:11)
  An anaconda (shapeshifter) (Elf:3)
  An ice dragon (D:15)
  An ironbound frostheart (Vaults:1)
  2 jorogumos
  22 centaur warriors
  9 two-headed ogres
  A catoblepas (Lair:2)
  2 radroaches
  11 alligators
  A death knight (D:15)
  3 ghost crabs
  12 dancing weapons
  Erica (D:11)
  3 thrashing horrors (Lair:6)
  2 tengu warriors
  Urug (Lair:4)
  8 deep elf knights
  9 skeletal warriors
  3 sun moths (Spider:4)
  6 pharaoh ants
  2 spectral ghost moths (Spider:1)
  A fire crab (shapeshifter) (Elf:3)
  6 goliath frogs
  5 deep trolls (Vaults:1)
  4 spriggan druids
  12 swamp dragons
  17 orb spiders
  8 steelbarb worms
  A swamp dragon (shapeshifter) (Elf:3)
  A lindwurm (Vaults:1)
  19 deep elf pyromancers
  A spectral jorogumo (Spider:1)
  11 deep elf archers
  3 bog bodies
  9 orc knights
  3 necromancers
  21 deep elf zephyrmancers
  The ghost of horus123 the Thaumaturge, a novice DECj of Vehumet (D:9)
  19 wolf spiders
  2 manticores
  7 moths of wrath
  A spectral radroach (Spider:1)
  3 cyclopes
  6 slime creatures
  20 ugly things
  4 will-o-the-wisps
  An orc sorcerer (Orc:1)
  A manticore (shapeshifter) (Elf:3)
  An oklob plant (Lair:6)
  A salamander (D:15)
  A moth of wrath (shapeshifter) (Elf:1)
  Maurice (Orc:2)
  3 elephants (Lair:6)
  6 black mambas
  3 smoke demons (Lair:6)
  Maggie (D:7)
  11 cane toads
  8 vault sentinels (Vaults:1)
  A gargoyle (D:12)
  4 torpor snails
  An ice statue (IceCv)
  Psyche (D:8)
  6 demonic crawlers
  7 komodo dragons
  5 rime drakes
  12 ice devils (IceCv)
  7 yaktaurs (Vaults:1)
  2 ancient zymes (Lair:6)
  4 freezing wraiths
  A ghost moth simulacrum (Spider:1)
  3 entropy weaver simulacra (IceCv)
  13 meliai
  A merfolk (D:15)
  4 anaconda simulacra (IceCv)
  2 bloated husks
  A queen bee (shapeshifter) (Elf:3)
  7 trolls
  A broodmother simulacrum (Spider:1)
  16 tarantellas
  8 hornets
  2 tyrant leeches
  A jorogumo simulacrum (Spider:1)
  A polar bear (Lair:2)
  Grinder (D:5)
  20 blink frogs
  6 dream sheep (Lair:4)
  An air elemental (Elf:1)
  3 large abominations (Lair:6)
  32 jumping spiders
  6 wyverns
  6 spriggans
  2 shadows
  23 culicivoras
  A ynoxinul (Lair:6)
  A dire elephant simulacrum (IceCv)
  20 humans (D:13)
  7 fire elementals
  10 wraiths
  29 yaks
  Grum (D:9)
  2 chaos spawn (Lair:6)
  5 basilisks
  16 vampire mosquitoes
  3 hogs (Spider:1)
  5 death yak simulacra (IceCv)
  3 steam dragons
  42 redbacks
  3 wargs (Orc:2)
  A harpy simulacrum (IceCv)
  21 swamp worms
  21 water moccasins
  4 acid dragons
  A sky beast (D:8)
  57 orc warriors
  2 hell hounds (D:13)
  11 swamp drakes
  2 black bears
  An ice beast (D:8)
  3 radroach simulacra (Spider:1)
  6 boggarts
  A tengu (shapeshifter) (Elf:3)
  7 ogres
  9 small abominations (Lair:6)
  13 wolves
  17 centaurs
  A phantom (D:6)
  2 kobold brigands (D:9)
  A bullfrog (shapeshifter) (D:15)
  2 earth elementals (Elf:2)
  2 two-headed ogre simulacra (IceCv)
  A scorpion (D:5)
  11 bullfrogs
  A necrophage (D:7)
  4 cane toad simulacra (IceCv)
  2 gnoll sergeants
  10 wights
  5 killer bees
  2 elephant simulacra (IceCv)
  6 howler monkeys
  8 electric eels
  4 jellies
  7 hounds
  Crazy Yiuf (D:7)
  18 orc priests
  A gnoll shaman (D:8)
  17 orc wizards
  8 iguanas
  2 polar bear simulacra (IceCv)
  A spriggan simulacrum (IceCv)
  7 wolf simulacra (IceCv)
  18 gnolls
  4 adders
  A naga simulacrum (IceCv)
  A shadow imp (D:6)
  A white imp (D:6)
  2 ufetubi (IceCv)
  5 dart slugs
  86 orcs
  9 endoplasms
  4 giant cockroaches
  16 goblins
  13 hobgoblins
  9 jackals
  3 quokkas
  11 ball pythons
  A bat (D:2)
  2 frilled lizards (D:1)
  28 kobolds
  3 rats
  10 briar patches (Swamp:1)
1337 creatures vanquished.

Vanquished Creatures (collateral kills)
  The ghost of SirDiesAlot the Sorcerer, an adept DECj of Vehumet (Elf:3)
  A deep elf annihilator (Elf:3)
  An ice dragon (shapeshifter) (Elf:3)
  A manticore (D:14)
  A basilisk (D:14)
  A warg (shapeshifter) (Elf:3)
6 creatures vanquished.

Vanquished Creatures (others)
  A will-o-the-wisp (Swamp:1)
  A blink frog (Lair:6)
  A briar patch (Swamp:1)
  6 foxfires
  18 fungi
  33 plants
60 creatures vanquished.

Grand Total: 1403 creatures vanquished

Notes
Turn   | Place    | Note
-------+----------+-------------------------------------------
     0 | D:1      | Pooter the Minotaur Berserker began the quest for the Orb.
     0 | D:1      | Reached XP level 1. HP: 19/19 MP: 0/0
    18 | D:1      | Reached skill level 4 in Axes
    18 | D:1      | Reached XP level 2. HP: 27/27 MP: 1/1
   419 | D:1      | Reached XP level 3. HP: 34/34 MP: 2/2
   855 | D:2      | Reached ** piety under Trog
  1146 | D:2      | Found a faded altar of an unknown god.
  1165 | D:2      | Reached XP level 4. HP: 40/41 MP: 3/3
  1276 | D:2      | Reached skill level 5 in Axes
  1547 | D:2      | Reached skill level 5 in Fighting
  2105 | D:3      | Found a sparkling altar of Nemelex Xobeh.
  2106 | D:3      | Found a hide-covered altar of Uskayaw.
  2107 | D:3      | Found a shimmering blue altar of Sif Muna.
  2107 | D:3      | Found a glowing silver altar of Zin.
  3288 | D:4      | Noticed an ogre
  3294 | D:4      | Killed an ogre
  3295 | D:4      | Reached XP level 5. HP: 50/50 MP: 4/4
  3296 | D:4      | Noticed a centaur
  3310 | D:3      | Reached skill level 6 in Axes
  3384 | D:3      | Killed a centaur
  3385 | D:3      | Reached XP level 6. HP: 58/58 MP: 5/5
  3902 | D:4      | Found a staircase to the Ecumenical Temple.
  4077 | D:5      | Entered Level 5 of the Dungeon
  4086 | D:5      | Reached skill level 7 in Axes
  4418 | D:5      | Reached skill level 1 in Polearms
  4418 | D:5      | Reached XP level 7. HP: 66/66 MP: 6/6
  4483 | D:5      | Noticed Grinder
  4491 | D:5      | Killed Grinder
  4492 | D:5      | Reached skill level 1 in Evocations
  4807 | D:6      | Reached skill level 8 in Axes
  4910 | D:6      | Reached XP level 8. HP: 60/74 MP: 7/7
  5492 | D:6      | Reached skill level 9 in Axes
  5891 | D:6      | Upgraded the game from 0.29-a0-520-gc852659d43 to
                  | 0.29-a0-529-gfa20dd96a1
  6117 | D:7      | Found a flagged portal.
  6134 | Bailey   | Entered a bailey
  6158 | Bailey   | Noticed an orc warlord
  6165 | Bailey   | Reached *** piety under Trog
  6431 | Bailey   | Found a runed translucent gate.
  6434 | Bailey   | Found a runed translucent gate.
  6436 | Bailey   | Found a runed translucent gate.
  6530 | Bailey   | Killed an orc warlord
  6531 | Bailey   | Reached skill level 10 in Axes
  6531 | Bailey   | Reached XP level 9. HP: 82/83 MP: 8/8
  6590 | Bailey   | Identified the +9 quarterstaff of the Shouting Genius
                  | {vorpal, rF- rN++ Str-3 Dex+2}
  6600 | Bailey   | Reached skill level 14 in Axes
  6600 | Bailey   | Reached XP level 10. HP: 91/91 MP: 9/9
  6875 | D:7      | Found Xiuretho's Jewellery Emporium.
  6875 | D:7      | Noticed Maggie
  6891 | D:7      | Killed Maggie
  7046 | D:7      | Bought a ring of see invisible for 225 gold pieces
  7155 | D:7      | Found a runed translucent door.
  7156 | D:7      | Noticed Crazy Yiuf
  7565 | D:8      | Noticed a four-headed hydra
  7565 | D:8      | Noticed a manticore
  7572 | D:8      | Noticed Psyche
  7581 | D:8      | Killed Psyche
  8038 | D:8      | Killed a manticore
  8048 | D:8      | Reached XP level 11. HP: 99/99 MP: 10/10
  8109 | D:8      | Reached skill level 15 in Axes
  8113 | D:8      | Killed a four-headed hydra
  8114 | D:8      | Reached skill level 10 in Fighting
  9252 | D:9      | Found a large runed translucent door.
  9253 | D:9      | Found a large runed translucent door.
  9263 | D:9      | Noticed a centaur warrior
  9266 | D:9      | Found an iron altar of Okawaru.
  9266 | D:9      | Found an iron altar of Okawaru.
  9275 | D:9      | Killed a centaur warrior
  9276 | D:9      | Reached skill level 1 in Crossbows
  9414 | D:9      | Noticed Grum
  9427 | D:9      | Killed Grum
  9553 | D:9      | Reached **** piety under Trog
  9610 | D:9      | Noticed a two-headed ogre
  9615 | D:9      | Noticed horus123's ghost (novice DECj)
  9616 | D:9      | Found a transporter.
  9622 | D:9      | Noticed a two-headed ogre
  9623 | D:9      | Found a bloodstained altar of Trog.
  9624 | D:9      | Noticed a tengu warrior
  9633 | D:9      | Found a transporter.
  9686 | D:9      | Noticed a two-headed ogre
  9695 | D:9      | Killed a two-headed ogre
 10055 | D:10     | Entered Level 10 of the Dungeon
 10110 | D:10     | Noticed Fannar
 10119 | D:10     | Killed Fannar
 10120 | D:10     | Reached skill level 5 in Crossbows
 10238 | D:10     | Noticed a green ugly thing
 10247 | D:10     | Killed a green ugly thing
 10756 | D:10     | Identified a scroll of acquirement
 10756 | D:10     | Acquired 1096 gold pieces
 11016 | D:11     | Reached skill level 1 in Throwing
 11017 | D:11     | Found a staircase to the Lair.
 11102 | D:8      | Reached XP level 12. HP: 107/110 MP: 11/11
 11124 | D:7      | Bought a ring of poison resistance for 300 gold pieces
 11124 | D:7      | Bought a ring of flight for 262 gold pieces
 11307 | D:11     | Noticed Josephine
 11344 | D:11     | Killed Josephine
 11575 | Lair:1   | Entered Level 1 of the Lair of Beasts
 12956 | Lair:2   | Noticed a catoblepas
 12961 | Lair:2   | Noticed a six-headed hydra
 12967 | Lair:2   | Killed a catoblepas
 12968 | Lair:2   | Reached skill level 5 in Armour
 12983 | Lair:2   | Killed a six-headed hydra
 13637 | Lair:2   | Found a hole to the Spider Nest.
 14634 | Lair:3   | Noticed a boulder beetle
 14654 | Lair:3   | Killed a boulder beetle
 14655 | Lair:3   | Reached XP level 13. HP: 60/119 MP: 12/12
 14913 | Lair:3   | Identified the +0 hunting sling of Definamm {venom,
                  | *Corrode rC+ Dex+6}
 15355 | Lair:4   | Reached skill level 10 in Crossbows
 15519 | Lair:4   | You fall into a shaft and drop 2 floors!
 15519 | Lair:6   | Entered Level 6 of the Lair of Beasts
 15562 | Lair:5   | Acquired a +4 ring of slaying
 15598 | Lair:5   | Found a staircase to the Slime Pits.
 15747 | Lair:4   | Found a staircase to the Swamp.
 15759 | Lair:4   | Reached skill level 5 in Throwing
 15830 | Lair:4   | Noticed Urug
 15836 | Lair:4   | Killed Urug
 16435 | Lair:5   | Found a transporter.
 16478 | Lair:5   | Found a transporter.
 16514 | Lair:5   | Reached skill level 1 in Stealth
 16576 | Lair:5   | Acquired a +2 vorpal arbalest
 16926 | Lair:5   | Reached skill level 16 in Axes
 17758 | Lair:6   | Reached XP level 14. HP: 87/129 MP: 13/13
 18337 | Lair:6   | Found a corrupted altar of Lugonu.
 18337 | Lair:6   | Found a one-way gate to the infinite horrors of the Abyss.
 18975 | D:11     | Noticed Erica
 18981 | D:11     | Killed Erica
 19015 | D:11     | Found a runed translucent gate.
 19015 | D:11     | Found a runed translucent gate.
 19016 | D:11     | Found a runed translucent gate.
 19020 | D:11     | Noticed GilGalad's ghost (journeyman DjFE)
 19020 | D:11     | Noticed quokkamancerX's ghost (journeyman DsHu)
 19038 | D:11     | Killed GilGalad's ghost
 19045 | D:11     | Killed quokkamancerX's ghost
 19922 | D:12     | Found a frozen archway.
 19933 | IceCv    | Entered an ice cave
 19946 | IceCv    | Reached skill level 17 in Axes
 20793 | IceCv    | Found an ancient bone altar of Kikubaaqudgha.
 21880 | IceCv    | Identified the ring "Cympis" {rN+ Str+2 Dex+6}
 22275 | D:12     | Found Ocomyu's Distillery.
 22278 | D:12     | Bought a potion of curing for 42 gold pieces
 22278 | D:12     | Bought a potion of haste for 140 gold pieces
 22278 | D:12     | Bought a potion of might for 56 gold pieces
 22450 | D:12     | Found a staircase to the Orcish Mines.
 22490 | Orc:1    | Entered Level 1 of the Orcish Mines
 23700 | Orc:1    | Found a radiant altar of Vehumet.
 23722 | Orc:1    | Reached ***** piety under Trog
 23991 | Orc:2    | Entered Level 2 of the Orcish Mines
 25881 | Orc:2    | Noticed Maurice
 25888 | Orc:2    | Killed Maurice
 25966 | Orc:2    | Found Jaehim's Book Shoppe.
 25966 | Orc:2    | Found Netih's Antique Weapon Shop.
 25968 | Orc:2    | Found Geuvetsu's Antique Weapon Emporium.
 25970 | Orc:2    | Found Lojaz's Armour Boutique.
 25982 | Orc:2    | Bought the +9 scales of the Dragon King {rPois rF+ rC+
                  | Will+} for 1248 gold pieces
 25982 | Orc:2    | Found the +9 scales of the Dragon King {rPois rF+ rC+
                  | Will+}
 26196 | Orc:2    | Found a staircase to the Elven Halls.
 26205 | Orc:2    | Found Qaenk's General Store.
 26230 | Orc:2    | Bought a scroll of identify for 36 gold pieces
 26230 | Orc:2    | Bought a scroll of identify for 36 gold pieces
 26599 | D:13     | Reached XP level 15. HP: 138/138 MP: 14/14
 26677 | D:13     | Reached skill level 18 in Axes
 27084 | D:13     | Reached skill level 5 in Stealth
 27111 | D:13     | Acquired the amulet of Day {Fly Regen+ Int+3}
 27130 | D:13     | Received a gift from Trog
 27147 | D:13     | Found a gate to the Vaults.
 27444 | D:13     | Noticed Azrael
 27457 | D:13     | Killed Azrael
 28812 | D:15     | Entered Level 15 of the Dungeon
 28812 | D:15     | Found a snail-covered altar of Cheibriados.
 29458 | D:15     | Identified the +2 broad axe "Hewn" {drain, rN+ Dex+2}
 29511 | D:15     | Reached skill level 15 in Fighting
 29517 | D:15     | Reached skill level 19 in Axes
 29646 | D:15     | Reached XP level 16. HP: 149/149 MP: 15/15
 29762 | D:15     | Reached skill level 10 in Armour
 29791 | D:15     | Found a staircase to the Depths.
 30361 | D:7      | Killed Crazy Yiuf
 30414 | D:9      | Killed horus123's ghost
 30421 | D:9      | HP: 11/223 [tengu warrior/+0 long sword (9)]
 30422 | D:9      | HP: 5/223 [tengu warrior/+0 long sword (7)]
 30977 | Elf:1    | Entered Level 1 of the Elven Halls
 31065 | Elf:1    | Found Gifyd's General Store.
 31067 | Elf:1    | Found Gupt's Book Emporium.
 31069 | Elf:1    | Found Rereir's Book Shoppe.
 31127 | Elf:1    | Paralysed by an air elemental for 1 turns
 32535 | Elf:1    | Reached skill level 15 in Crossbows
 33435 | Elf:2    | Found Hubelluts's Mayhem Merchandise.
 33471 | Elf:2    | Bought a wand of iceblast (7) for 187 gold pieces
 33471 | Elf:2    | Bought a wand of iceblast (5) for 153 gold pieces
 33543 | Elf:2    | Found a flickering gateway to a bazaar.
 33555 | Bazaar   | Entered a bazaar
 33734 | Bazaar   | Found Julaqist's Book Shoppe.
 33734 | Bazaar   | Found Idghuacw's Armour Emporium.
 33769 | Bazaar   | Found Ejawki's Armour Emporium.
 33809 | Bazaar   | Bought a +1 pair of boots of rampaging for 181 gold pieces
 33886 | Elf:1    | Found an ancient bone altar of Kikubaaqudgha.
 34430 | Elf:2    | Found a huge runed translucent gate.
 34430 | Elf:2    | Found a huge runed translucent gate.
 34432 | Elf:2    | Found a huge runed translucent gate.
 34433 | Elf:2    | Found a huge runed translucent gate.
 34435 | Elf:2    | Found a huge runed translucent gate.
 34712 | Elf:3    | Entered Level 3 of the Elven Halls
 34959 | Elf:3    | Found a transporter.
 34961 | Elf:3    | Noticed SirDiesAlot's ghost (adept DECj)
 34976 | Elf:3    | Found a transporter.
 35611 | Elf:3    | Noticed a deep elf blademaster
 35627 | Elf:3    | Killed a deep elf blademaster
 35703 | Elf:2    | Upgraded the game from 0.29-a0-529-gfa20dd96a1 to
                  | 0.29-a0-541-gaf1fc19f1b
 35756 | Elf:3    | Noticed Bai Suzhen
 35774 | Elf:2    | Killed Bai Suzhen
 36183 | Elf:3    | Noticed a storm dragon
 36183 | Elf:3    | a quicksilver ooze changed into a storm dragon
 36184 | Elf:3    | a storm dragon changed into a ghost moth
 36201 | Elf:3    | Reached XP level 17. HP: 145/157 MP: 16/16
 37418 | Elf:3    | Noticed a deep elf blademaster
 37425 | Elf:3    | Killed a deep elf blademaster
 38921 | Elf:3    | Identified the ring of Axuviusm {rPois Str+3 Int+2 Dex+6}
 38936 | Elf:3    | Noticed a Brimstone Fiend
 39204 | Elf:3    | Identified the +1 short sword of Haffiage {drain, Str+3}
 39250 | Elf:2    | Reached skill level 10 in Evocations
 39665 | Elf:3    | Noticed a deep elf master archer
 39668 | Elf:3    | Identified the amulet of Dezin {Reflect *Slow Dex+7 SH+5
                  | SInv}
 40258 | Elf:3    | Killed a deep elf master archer
 40526 | Elf:3    | Noticed a deep elf master archer
 40527 | Elf:3    | Identified the +7 dagger of Instant Death {freeze, Will+}
 40986 | Elf:3    | Killed a deep elf master archer
 41382 | Elf:3    | Identified the +1 pair of gloves of the Trees {Will+}
 41749 | Spider:1 | Entered Level 1 of the Spider Nest
 43470 | Spider:1 | Found a runed translucent gate.
 43470 | Spider:1 | Found a runed translucent gate.
 43471 | Spider:1 | Found a runed translucent gate.
 43849 | Spider:1 | Noticed Taurus's ghost (journeyman MiFi)
 44264 | Spider:2 | Noticed Kirke
 44307 | Spider:1 | Killed Kirke
 44451 | Spider:2 | Reached skill level 10 in Dodging
 44634 | Spider:2 | Gained mutation: Your flesh is cold resistant. (rC+)
                  | [potion of mutation]
 44634 | Spider:2 | Gained mutation: You sometimes lose the ability to read
                  | scrolls when taking damage. [potion of mutation]
 44634 | Spider:2 | Gained mutation: You have large cloven feet. [potion of
                  | mutation]
 44635 | Spider:2 | Lost mutation: Your flesh is cold resistant. (rC+) [potion
                  | of mutation]
 44635 | Spider:2 | Lost mutation: You have large cloven feet. [potion of
                  | mutation]
 44635 | Spider:2 | Gained mutation: Your flesh is cold resistant. (rC+)
                  | [potion of mutation]
 44635 | Spider:2 | Gained mutation: You expend magic power (3 MP) to
                  | strengthen your wands. [potion of mutation]
 44635 | Spider:2 | Gained mutation: You are clumsy. (Dex -2) [potion of
                  | mutation]
 44636 | Spider:2 | Lost mutation: You sometimes lose the ability to read
                  | scrolls when taking damage. [potion of mutation]
 44636 | Spider:2 | Lost mutation: You expend magic power (3 MP) to strengthen
                  | your wands. [potion of mutation]
 44636 | Spider:2 | Lost mutation: You are clumsy. (Dex -2) [potion of
                  | mutation]
 44636 | Spider:2 | Gained mutation: You have large cloven feet. [potion of
                  | mutation]
 44636 | Spider:2 | Gained mutation: Your flesh is heat resistant. (rF+)
                  | [potion of mutation]
 45601 | Spider:3 | Noticed Jorgrun
 45616 | Spider:3 | Killed Jorgrun
 45889 | Spider:3 | Reached XP level 18. HP: 168/168 MP: 17/17
 46166 | Spider:3 | Identified the +1 hand crossbow of Zoesh {elec, rC+ rCorr}
 46174 | Spider:3 | Identified the +0 chain mail of Wuti {*Corrode rC+ Regen+
                  | MP+9}
 46189 | Spider:3 | Noticed Asterion
 46208 | Spider:3 | Killed Asterion
 47014 | Spider:4 | Entered Level 4 of the Spider Nest
 47039 | Spider:4 | Upgraded the game from 0.29-a0-541-gaf1fc19f1b to
                  | 0.29-a0-542-g075992c915
 47420 | Spider:4 | Received a gift from Trog
 50179 | Spider:4 | Got a gossamer rune of Zot
 50405 | Swamp:1  | Entered Level 1 of the Swamp
 50654 | Swamp:1  | Identified Roxanne's Compendium of Shape Shifting
 50654 | Swamp:1  | Noticed Roxanne
 50675 | Swamp:1  | Killed Roxanne
 50726 | Swamp:1  | Found a transporter.
 50766 | Swamp:1  | Found a transporter.
 51559 | Swamp:1  | Identified the +1 cloak "Meiffimi" {Str+3 Int+5}
 51561 | Swamp:1  | Identified the ring "Dexzaxt" {Fly rCorr Str+5}
 51745 | Swamp:2  | Received a gift from Trog
 51884 | Swamp:2  | Reached skill level 10 in Stealth
 52609 | Swamp:3  | Identified the +2 pair of boots of Death's Door {rF+ Int+4}
 52732 | Swamp:3  | Identified the +5 quarterstaff of a Labyrinth {freeze, rC+
                  | Dex+7 SInv}
 52786 | Swamp:4  | Entered Level 4 of the Swamp
 52796 | Swamp:4  | Reached XP level 19. HP: 179/179 MP: 18/18
 53642 | Swamp:4  | Found a runed translucent door.
 53644 | Swamp:4  | Noticed Antichthon's ghost (adept DDNe)
 53672 | Swamp:4  | Killed Antichthon's ghost
 54194 | Swamp:4  | Reached skill level 20 in Axes
 55351 | Swamp:4  | Got a decaying rune of Zot
 55824 | Spider:1 | Killed Taurus's ghost
 56174 | Elf:3    | Killed SirDiesAlot's ghost
 56184 | Elf:3    | Reached skill level 15 in Armour
 56242 | Elf:3    | Identified the ring of Xom's Entertainment {rC+ MP+9}
 56441 | Vaults:1 | Entered Level 1 of the Vaults
 57430 | Vaults:1 | Received a gift from Trog
 57965 | Vaults:1 | Found Eppesh's General Store.
 57975 | Vaults:1 | Bought 2 scrolls of acquirement for 1872 gold pieces
 57975 | Vaults:1 | Acquired 1270 gold pieces
 57977 | Vaults:1 | Acquired the +16 crystal plate armour of Waolir {rN+}
 58119 | Vaults:1 | HP: 3/182 [yaktaur captain/bolt (14)]
 58121 | Vaults:1 | Killed from afar by an ironbound thunderhulk

Illustrated notes

Levels and vault maps discovered:
D:1:      nzn_arrival_crosshair, layout_basic
D:2:      minmay_kobold_bridge, layout_basic,
          shapermc_ecumenical_altar_totnotflames
D:3:      layout_loops_ring, chequers_temple_overflow_statue_of_worship,
          serial_co_window_serial, co_window_paths_b, co_window_corner_a,
          co_window_of_opportunity_a, co_window_paths_b, co_window_paths_b,
          co_window_of_opportunity_b, co_window_corner_cb, co_window_corner_ca,
          co_window_corner_b, co_window_paths_d, co_window_4corner_b,
          glass_columns_a, glass_columns_b, glass_columns_a, glass_columns_b,
          dk_noncrumbling_3, st_stairs_8
D:4:      layout_rooms, temple_hall, hangedman_decor_clover_reticule
D:5:      layout_rooms, uniq_grinder
D:6:      layout_basic, wad_floor_pattern_1, minmay_crystal_room
D:7:      layout_cave_pools, enter_bailey_4, serial_shops, shop,
          uniq_crazy_yiuf_cottage, uniq_maggie
D:8:      nzn_winding_woodlands_cross [nzn_winding_woodlands_5x15_eye,
          nzn_winding_woodlands_5x15_twine, nzn_winding_woodlands_5x15_parted,
          nzn_winding_woodlands_5x15_zeroes,
          nzn_winding_woodlands_15x15_killbox], layout_basic, uniq_psyche
D:9:      okawaru_arena_lexackson, layout_stronghold,
          gammafunk_ghost_wrathful_warriors, uniq_grum
D:10:     layout_roguey, uniq_fannar
D:11:     layout_loops_ring, erik_lair_island, gammafunk_ghost_cemetery,
          uniq_erica, uniq_josephine
D:12:     layout_gridville, orc_0_dummy, portal_ice_cave_rime, serial_shops,
          nicolae_shop_behind_doors
D:13:     layout_basic, grunt_vaults_entry_tiered, uniq_azrael
D:14:     layout_grid_maze
D:15:     hangedman_depths_entry_try_elsewhere_first, layout_rooms,
          cheibriados_altar_1, kennysheep_inner_square
Lair:1:   layout_cave_pods, grunt_megastairs_2, infiniplex_staircase_pool
Lair:2:   layout_hall_layers, nicolae_spider_entry_tight_spaces,
          serial_bayou_shore_a, lemuel_fruit_tree
Lair:3:   layout_gridlike
Lair:4:   layout_concentric_octagons, minmay_swamp_entry_reptiles, uniq_urug
Lair:5:   gammafunk_cloud_chamber, layout_regular_city, slime_dummy,
          beast_lair_carwin_11
Lair:6:   hellmonk_lair_end_abyssal_woods, layout_long_grid
Swamp:1:  gammafunk_worm_tunnel, layout_falls_marsh,
          evilmike_swamp_ruin_house_4, infiniplex_staircase_pool_2, uniq_roxanne
Swamp:2:  layout_falls_marsh, evilmike_swamp_ruin_rubble_2
Swamp:3:  layout_basic_swamp, evilmike_swamp_ruin_house_5
Swamp:4:  swamp, layout_basic_swamp, ebering_ghost_inner_flame
Spider:1: layout_chambers, gammafunk_ghost_necromancy
Spider:2: layout_spider_delve, uniq_kirke
Spider:3: layout_chambers, drop_trap, uniq_asterion, uniq_jorgrun
Spider:4: grunt_spider_rune_island, nicolae_spider_not_touching_you
Orc:1:    layout_caves, basic_altar, minmay_orc_temple_b
Orc:2:    st_orc_rangers, layout_caves, serial_shops, shop_statue,
          nicolae_orc_crystal_geode, uniq_maurice
Elf:1:    layout_loops_ring, special_room [special_room_orc],
          hangedman_corner_corridor, minmay_shop_star, lemuel_upstairs_altar
Elf:2:    elven_hall_of_blades_hangedman_alternative
          [nicolae_blade_entry_antechamber], layout_onion_city, serial_shops,
          bzr_in_the_mist, minmay_shop_mayhem
Elf:3:    elf_hall, layout_gridlike, gammafunk_ghost_berserking_beasts,
          uniq_bai_suzhen
Vaults:1: v_pattern_2, v_misc_29, v_alt_pattern_2, st_diamondy,
          grunt_vaults_twisty, vaults_mumra_minichess_inversion,
          hangedman_vaults_trim, ontoclasm_vaults_pinch,
          ontoclasm_vaults_loading_screen, nicolae_vaults_shelves_hall,
          vaults_room_stairs_pillars, layout_vaults_ring, serial_shops,
          shop_coins

Skill      XL: |  1  2  3  4  5  6  7  8  9 10 11 12 13 14 15 16 17 18 19 |
---------------+----------------------------------------------------------+-----
Fighting       | 4 5 6 7 9 11 12 13 14 15 16 17 19 | 19.1
Axes           | 4 5 6 7 8 10 14 15 16 17 19 20 | 20.8
Polearms       | 1 3 4 |  4.1
Evocations     | 2 4 6 7 8 9 10 12 | 12.0
Dodging        | 6 7 8 10 12 13 | 13.6
Crossbows      | 6 9 11 13 14 15 16 | 16.0
Throwing       | 1 4 6 |  6.5
Armour         | 3 6 7 8 9 11 12 14 15 | 15.8
Stealth        | 2 4 6 7 8 10 | 10.2

Action                   |  1- 3 |  4- 6 |  7- 9 | 10-12 | 13-15 | 16-18 | 19-21 || total
-------------------------+-------+-------+-------+-------+-------+-------+-------++-------
Melee: Hand axe          |    66 |    93 |       |       |       |       |       ||   159
       Headbutt          |    11 |    12 |    23 |    88 |   177 |   235 |    48 ||   594
       Glaive            |       |    22 |    83 |       |       |       |       ||   105
       War axe           |       |       |    30 |   471 |    56 |       |       ||   557
       Trident           |       |       |       |    18 |    16 |       |       ||    34
       Punch             |       |       |       |     8 |     2 |       |     4 ||    14
       Battleaxe         |       |       |       |       |   709 |   802 |    33 ||  1544
       Dire flail        |       |       |       |       |     6 |    21 |    16 ||    43
       Broad axe         |       |       |       |       |       |       |   140 ||   140
 Fire: Hunting sling     |       |    27 |    24 |     8 |       |       |       ||    59
       Hand crossbow     |       |       |       |    89 |    40 |       |       ||   129
       Arbalest          |       |       |       |       |   302 |   514 |   131 ||   947
Throw: Stone             |     3 |       |       |       |       |       |       ||     3
       Boomerang         |       |       |    13 |    30 |    42 |    71 |    43 ||   199
       Dart              |       |       |       |    14 |       |       |       ||    14
       Javelin           |       |       |       |       |     6 |     3 |       ||     9
Invok: Berserk           |     1 |     4 |     5 |    17 |    16 |    24 |     3 ||    70
       Trog's Hand       |       |     1 |     4 |    18 |    41 |    42 |    16 ||   122
       Brothers in Arms  |       |       |       |       |     1 |       |     1 ||     2
Evoke: Wand              |       |       |     1 |    20 |    33 |    22 |     4 ||    80
       Phantom mirror    |       |       |       |       |       |     1 |       ||     1
       Tin of tremorston |       |       |       |       |       |     3 |     3 ||     6
       Condenser vane    |       |       |       |       |       |     1 |     2 ||     3
  Use: Scroll            |       |     5 |     7 |    16 |    22 |    16 |     9 ||    75
       Potion            |       |       |     1 |     1 |    10 |    17 |     7 ||    36
 Stab: Paralysed         |       |       |       |       |     9 |     6 |       ||    15
Armor: Animal skin       |    11 |     1 |       |       |       |       |       ||    12
       Chain mail        |       |    49 |       |   152 |   296 |       |       ||   497
       Plate armour      |       |    16 |    70 |    73 |       |       |       ||   159
       Gold dragon scale |       |       |       |       |   196 |   764 |   196 ||  1156
       Crystal plate arm |       |       |       |       |       |       |    17 ||    17
Dodge: Dodged            |    52 |    71 |    38 |   317 |   433 |   417 |   173 ||  1501
Block: Other             |       |       |       |       |   101 |   204 |    68 ||   373
       Reflection        |       |       |       |       |    30 |     8 |    12 ||    50

Table legend: (Time is in decaauts)
 A = Elapsed time spent in this place.
 B = Non-inter-level travel time spent in this place.
 C = Inter-level travel time spent in this place.
 D = Time resting spent in this place.
 E = Time spent auto-exploring this place.
 F = Levels seen in this place.
 G = Mean time per level.
                   A        B        C        D        E       F      G
               +--------+--------+--------+--------+--------+-----+--------+
         Total |  58711 |  55710 |   3001 |  22998 |  22212 |  38 | 1545.0 |
       Dungeon |  17935 |  16879 |   1056 |   3936 |   9713 |  15 | 1195.7 |
          Lair |   7536 |   6905 |    631 |   1388 |   4160 |   6 | 1256.0 |
         Swamp |   5343 |   5178 |    165 |   2658 |   1731 |   4 | 1335.8 |
   Spider Nest |   8846 |   8566 |    280 |   4528 |   2756 |   4 | 2211.5 |
  Orcish Mines |   3983 |   3598 |    385 |   2082 |    827 |   2 | 1991.5 |
   Elven Halls |  10718 |  10238 |    480 |   6037 |   2187 |   3 | 3572.7 |
        Vaults |   1363 |   1363 |      0 |    452 |    548 |   1 | 1363.0 |
        Bazaar |    277 |    277 |      0 |    158 |     88 |   1 |  277.0 |
        Bailey |    624 |    624 |      0 |    220 |    151 |   1 |  624.0 |
      Ice Cave |   2080 |   2080 |      0 |   1536 |     50 |   1 | 2080.0 |
               +--------+--------+--------+--------+--------+-----+--------+

Top non-repeatable levels by time:
   Elf:3: 5131 daAuts
Spider:4: 3302 daAuts
   Elf:2: 3046 daAuts
 Swamp:4: 2913 daAuts
Spider:1: 2860 daAuts
   Elf:1: 2540 daAuts
   Orc:2: 2345 daAuts
   IceCv: 2080 daAuts
     D:8: 1792 daAuts
Spider:3: 1723 daAuts
    D:13: 1714 daAuts
  Lair:1: 1647 daAuts
  Lair:6: 1647 daAuts
   Orc:1: 1638 daAuts
    D:11: 1530 daAuts
